Map: Prion Terraces

Players

lesha - Winner!

  • Race: Terran Terran
  • League: Silver

dballai

  • Race: Terran Terran
  • League: Silver

VOD

Have the link to the VOD?

Description

Time

  • Played on: Dec. 19, 2015, 6:26 a.m.
  • Length: 14:01
Show
View Real Time Build Order
Export as new Build Order

lesha Terran - Winner!

Build Orders: Reaper Expand, MMM Bio 

Get SALT Encoding   

  12  0:02  SCV  
  13  0:14  SCV  
  13  0:18  Supply Depot  
  14  0:30  SCV  
  15  0:42  SCV, Barracks  
  16  0:47  Refinery  
  16  0:55  SCV  
  17  1:13  SCV  
  18  1:25  SCV  
  19  1:33  Command Center  
  19  1:38  Reaper  
  20  1:45  Orbital Command  
  20  2:05  Refinery  
  20  2:13  SCV  
  21  2:25  SCV  
  21  2:26  Marine  
  23  2:50  SCV  
  25  2:52  Orbital Command  
  24  3:03  Bunker  
  24  3:12  Barracks x2  
  24  3:15  Supply Depot x3, Factory  
  24  3:16  SCV  
  25  3:21  SCV  
  26  3:28  SCV  
  26  3:32  Marine  
  26  3:33  SCV  
  29  3:40  SCV  
  30  3:41  Engineering Bay  
  30  3:45  SCV  
  31  3:53  SCV  
  32  3:58  SCV  
  32  3:59  Factory Tech Lab  
  33  4:05  SCV, Starport  
  34  4:10  SCV, Barracks Reactor  
  34  4:11  Barracks Tech Lab  
  34  4:12  Marine  
  37  4:17  SCV  
  37  4:22  SCV  
  38  4:29  Missile Turret x2  
  38  4:31  SCV, Missile Turret  
  39  4:34  SCV  
  39  4:35  Marine x2  
  42  4:38  Siege Tank  
  42  4:43  SCV  
  42  4:44  Terran Infantry Weapons Level 1  
  46  4:46  SCV  
  46  4:50  Engineering Bay  
  47  4:54  Barracks Reactor  
  47  4:55  SCV  
  47  4:58  SCV, Stimpack  
  47  4:59  Medivac  
  51  5:07  SCV  
  51  5:10  SCV  
  53  5:22  Missile Turret  
  53  5:25  Marine  
  53  5:26  Marine  
  53  5:28  Marauder  
  57  5:32  Starport Reactor  
  57  5:41  Terran Infantry Armor Level 1  
  57  5:46  Refinery  
  57  5:48  Refinery  
  57  5:57  Command Center, Marine  
  57  5:58  Marine x3  
  61  6:08  Supply Depot  
  61  6:09  Supply Depot  
  61  6:12  Supply Depot x2  
  61  6:15  Marine  
  62  6:29  Marine x3  
  62  6:30  SCV x2, Siege Tank, Marauder  
  72  6:33  Marine  
  73  6:42  SCV x2  
  73  6:45  Barracks  
  73  6:46  Barracks  
  75  6:47  Barracks, Marine  
  75  6:48  Barracks  
  75  6:51  Marauder  
  75  6:52  Armory  
  78  6:58  Combat Shields  
  78  6:59  SCV x2  
  80  7:05  Supply Depot  
  80  7:06  Marine x4  
  80  7:08  Supply Depot  
  84  7:09  Supply Depot  
  84  7:10  Medivac  
  84  7:11  SCV x2, Medivac  
  84  7:12  Marine  
  91  7:30  Marine x2  
  91  7:31  Marine x3  
  95  7:48  Marine  
  95  7:49  Marauder  
  94  7:57  Medivac x2  
  98  7:59  Barracks Reactor x2, Marine  
  98  8:00  Marine x3  
  98  8:02  Marine  
  103  8:06  Marine  
  103  8:11  Orbital Command, Marauder  
  103  8:12  Supply Depot  
  106  8:14  Supply Depot  
  106  8:15  Supply Depot  
  106  8:16  Supply Depot  
  106  8:17  Marine x2  
  106  8:18  Marine x2  
  106  8:19  Marine  
  110  8:24  Marine  
  112  8:32  Marauder  
  114  8:35  Marine  
  115  8:53  Marauder  
  117  8:58  Orbital Command  
  117  9:10  Marine x5  
  117  9:11  Barracks Reactor  
  122  9:17  Medivac x2  
  122  9:19  Marine x2  
  122  9:20  Marauder  
  122  9:21  Marine  
  131  9:28  Marine x5  
  131  9:29  Barracks Tech Lab  
  136  9:37  Marine x2  
  138  9:39  Marine  
  138  9:41  Marauder  
  141  9:45  Marine  
  141  9:46  Marine x4  
  141  9:47  Medivac x2  
  146  10:03  Marauder  
  128  10:23  Marine x6  
  128  10:24  Marauder, Marine x4  
  138  10:29  Marine  
  138  10:32  Medivac x2  
  139  10:40  Marine  
  139  10:41  Marine  
  141  10:46  Marine x6, Marauder  
  141  10:47  Marauder  
  141  10:48  Terran Infantry Weapons Level 2  
  141  10:49  Terran Infantry Armor Level 2  
  151  11:00  Command Center  
  151  11:02  Medivac x2  
  155  11:05  Command Center  
  155  11:07  Marauder  
  155  11:09  Marauder  
  159  11:28  Marauder  
  159  11:29  SCV x3  
  164  11:41  SCV  
  164  11:43  Supply Depot  
  164  11:44  Supply Depot  
  164  11:45  Supply Depot x2  
  165  11:48  Supply Depot  
  165  12:05  SCV x2, Marauder  
  169  12:17  SCV  
  169  12:18  Marine x2  
  169  12:19  Marine x7  
  169  12:20  Marauder, Marine  
  182  12:24  Medivac x2  
  182  12:27  Marauder  
  188  12:36  Marine x3  
  188  12:37  Marine x4  
  191  12:42  Marauder  
  197  12:48  Marauder  
  199  12:54  Medivac x2  
  182  13:06  Siege Tank  
  182  13:08  Marine x7  
  182  13:09  Marine x5  
  197  13:24  SCV, Medivac  
Show
View Real Time Build Order
Export as new Build Order

dballai Terran 

Build Orders: MMM Bio 

Get SALT Encoding   

  12  0:01  SCV  
  13  0:13  SCV  
  14  0:25  SCV  
  14  0:27  Supply Depot  
  15  0:47  Supply Depot  
  15  0:48  SCV  
  16  0:50  Barracks  
  16  1:00  SCV  
  17  1:13  SCV  
  18  1:29  Command Center  
  18  1:37  Marine  
  19  1:42  SCV  
  20  1:49  Refinery  
  21  1:54  SCV, Marine  
  21  2:00  Barracks  
  22  2:06  SCV  
  23  2:12  Marine  
  24  2:23  Orbital Command  
  24  2:40  Barracks Tech Lab  
  24  2:53  Barracks Tech Lab  
  24  3:14  Bunker  
  24  3:22  Marauder x2  
  24  3:23  Refinery  
  28  3:39  SCV  
  29  3:43  Marauder, Marine  
  29  3:44  SCV  
  33  3:49  Refinery  
  33  3:51  SCV  
  34  3:56  SCV  
  34  4:01  Marine  
  36  4:03  SCV  
  36  4:04  Marine  
  36  4:09  SCV  
  39  4:15  SCV  
  40  4:19  Marine  
  40  4:21  SCV  
  40  4:22  Engineering Bay, Marine  
  43  4:25  Engineering Bay  
  43  4:27  SCV  
  44  4:33  SCV  
  44  4:36  Marine  
  46  4:39  Combat Shields  
  46  4:46  Factory  
  46  4:47  Stimpack  
  46  4:53  Refinery  
  46  5:02  SCV x2, Marine x2  
  50  5:07  Supply Depot  
  50  5:18  Terran Infantry Weapons Level 1  
  50  5:22  Terran Infantry Armor Level 1  
  50  5:25  Marine x2  
  52  5:29  Supply Depot  
  52  5:36  Orbital Command  
  52  5:42  Marine  
  52  5:43  Marine  
  52  5:45  Factory Tech Lab  
  54  5:52  Supply Depot  
  54  5:55  Armory  
  54  5:58  Concussive Shells  
  54  6:09  SCV x2  
  56  6:19  Supply Depot  
  56  6:21  SCV x2  
  56  6:25  Marauder x2  
  62  6:36  Siege Tank  
  65  6:41  Supply Depot  
  65  6:43  Armory  
  65  6:46  Marauder, Marine  
  68  7:02  Starport  
  68  7:04  Supply Depot, Marauder  
  68  7:08  Marauder  
  72  7:09  Siege Tank  
  72  7:13  Starport  
  75  7:25  Marine  
  75  7:29  Marine  
  77  7:30  Armory  
  75  8:04  Missile Turret  
  75  8:05  Missile Turret x2  
  75  8:08  Missile Turret  
  75  8:28  Missile Turret  
  75  8:32  Missile Turret x2  
  75  8:42  SCV x2  
  75  8:43  Missile Turret  
  77  8:51  Missile Turret  
  77  8:54  SCV x2  
  79  8:55  Missile Turret  
  79  8:57  Marine  
  79  8:58  Missile Turret, Marine  
  81  9:05  Siege Tank  
  81  9:06  SCV x2  
  86  9:10  Medivac  
  86  9:13  Missile Turret  
  86  9:15  Marine x2  
  86  9:16  Missile Turret  
  90  9:20  Terran Infantry Weapons Level 2  
  90  9:26  Missile Turret, Terran Infantry Armor Level 2  
  90  9:28  Missile Turret  
  90  9:33  Marine x2  
  90  9:35  SCV  
  93  9:45  Missile Turret  
  90  9:47  SCV  
  82  9:59  SCV  
  46  10:11  SCV  
  31  10:25  Marine x2  
  33  10:33  SCV  
  34  10:43  Marine x2  
  34  10:46  SCV  
  37  10:58  SCV  
  37  11:01  Marine x2  
  37  11:02  Siege Tank  
  43  11:07  Command Center  
  43  11:10  SCV  
  44  11:13  Barracks  
  44  11:17  Barracks x2  
  44  11:18  Barracks  
  44  11:19  Starport Tech Lab, Marine  
  44  11:22  SCV  
  46  11:34  Siege Tank  
  49  11:40  Missile Turret  
  49  11:44  SCV  
  50  11:56  SCV  
  50  11:59  Missile Turret  
  51  12:07  Siege Tank  
  53  12:09  Barracks Reactor x2, Barracks Tech Lab  
  53  12:10  Marine x3  
  56  12:28  Marine x3  
  56  12:29  Marine  
  60  12:37  Medivac  
  62  12:46  Marine x3  
  62  12:47  Marine  
  62  13:00  Marine  
  62  13:01  Marine x3  
  62  13:03  Marine  
  62  13:04  Marine x2  
  62  13:05  Marine  
  70  13:18  Marine  
  70  13:19  Marine  
  72  13:26  SCV  
  73  13:39  SCV  
Tags
 
Add a new tag
Caveats
  • Supply blocks, unpowered buildings, or Contaminate may cause inaccurate times.
  • Supply counts are checked every 10 seconds.